3R
WATFORD CITY TRASH PANDAS @ SHADY SIDE ZOOMIES
05/08/2041
 
TOP OF THE 1ST
Watford City Trash Pandas batting - Pitching for Shady Side Zoomies : RHP Todd Hunter
Pitching: RHP Todd Hunter
Batting: LHB António Cruz 0-0: Called Strike
0-1: Ball
1-1: Fly out, F8 (Flyball, 78D, EV 105.6 MPH)
Batting: LHB Ken Jackson 0-0: Called Strike
0-1: Ball
1-1: Ground out 6-3 (Groundball, 6, EV 86.9 MPH)
Batting: SHB Mannus Coppens 0-0: Ball
1-0: TRIPLE (Line Drive, 9LD, EV 110.0 MPH)
Batting: RHB Rupert Bethune 0-0: Swinging Strike
0-1: Foul Ball, location: 2F
0-2: Ball
1-2: Ball
2-2: Ball
3-2: Base on Balls
Batting: LHB Knud van den Bosch 0-0: Ball
1-0: Called Strike
1-1: Ball
2-1: Foul Ball, location: 2F
2-2: Fly out, F5 (Popup, 56S, EV 72.5 MPH)
Top of the 1st over - 0 runs, 1 hit, 0 errors, 2 left on base; Watford City 0 - Shady Side 0
BOTTOM OF THE 1ST
Shady Side Zoomies batting - Pitching for Watford City Trash Pandas : RHP Iván Molina
Pitching: RHP Iván Molina
Batting: LHB Steef Janse 0-0: Fly out, F6 (Popup, 15, EV 74.4 MPH)
Batting: RHB Jack Mayes 0-0: Ball
1-0: Ball
2-0: Called Strike
2-1: Called Strike
2-2: Ball
3-2: DOUBLE (Flyball, 8LXD, EV 90.6 MPH)
Batting: RHB Ramón Gabriel 0-0: SINGLE (Groundball, 4D, EV 103.8 MPH)
Jack Mayes to third
Runner from 3rd tries for Home, SAFE, throw by CF to home
Batting: RHB Rubén Camacho 0-0: Foul Ball, location: 2F
0-1: Ball
1-1: Ball
2-1: Called Strike
2-2: Ball
3-2: Fly out, F9 (Flyball, 9, EV 96.2 MPH)
Batting: RHB José Calderón 0-0: Foul Ball, location: 2F
0-1: Ball
1-1: Foul Ball, location: 2F
1-2: Ground out 4-3 (Groundball, 34, EV 102.5 MPH)
Bottom of the 1st over - 1 run, 2 hits, 0 errors, 1 left on base; Watford City 0 - Shady Side 1
TOP OF THE 2ND
Watford City Trash Pandas batting - Pitching for Shady Side Zoomies : RHP Todd Hunter
Batting: RHB Anthony Mitchell 0-0: Ball
1-0: Ball
2-0: Foul Ball, location: 2F
2-1: Swinging Strike
2-2: Foul Ball, location: 2F
2-2: Strikes out looking
Batting: LHB Don Hartman 0-0: Ball
1-0: Ball
2-0: Ball
3-0: Called Strike
3-1: Called Strike
3-2: Strikes out looking
Batting: LHB Ambrose Norris 0-0: Ball
1-0: Foul Ball, location: 2F
1-1: Ball
2-1: Swinging Strike
2-2: Foul Ball, location: 2F
2-2: SINGLE (Groundball, 34D, EV 95.0 MPH)
Batting: RHB Francis Hicken 0-0: Ball
1-0: Swinging Strike
1-1: Swinging Strike
1-2: Strikes out swinging
Top of the 2nd over - 0 runs, 1 hit, 0 errors, 1 left on base; Watford City 0 - Shady Side 1
BOTTOM OF THE 2ND
Shady Side Zoomies batting - Pitching for Watford City Trash Pandas : RHP Iván Molina
Batting: SHB Kazuyuki Yagi 0-0: Foul Ball, location: 2F
0-1: Foul Ball, location: 2F
0-2: Foul Ball, location: 2F
0-2: Ball
1-2: Ground out U3 (Groundball, 3, EV 77.5 MPH)
Batting: LHB Jeremy Payne 0-0: Called Strike
0-1: Ball
1-1: Ball
2-1: Swinging Strike
2-2: Foul Ball, location: 2F
2-2: Foul Ball, location: 2F
2-2: Strikes out swinging
Batting: RHB Christian Bray 0-0: Swinging Strike
0-1: Ball
1-1: Ball
2-1: Ball
3-1: Foul Ball, location: 2F
3-2: Base on Balls
Batting: RHB Mike Sackett 0-0: SINGLE (Groundball, 4, EV 107.5 MPH) (infield hit)
Christian Bray to second
Batting: LHB Steef Janse 0-0: Fly out, F7 (Flyball, 78M, EV 89.4 MPH)
Bottom of the 2nd over - 0 runs, 1 hit, 0 errors, 2 left on base; Watford City 0 - Shady Side 1
TOP OF THE 3RD
Watford City Trash Pandas batting - Pitching for Shady Side Zoomies : RHP Todd Hunter
Batting: LHB António Cruz 0-0: Ball
1-0: Ball
2-0: Ball
3-0: Called Strike
3-1: Base on Balls
Batting: LHB Ken Jackson 0-0: Ball
1-0: Ball
2-0: SINGLE (Groundball, 4MD, EV 108.8 MPH)
António Cruz to second
Runner from 2nd tries for 3rd, SAFE, throw by CF made to third
Batting: SHB Mannus Coppens 0-0: Fielders Choice at 2nd, 1-4 (Groundball, 25, EV 71.9 MPH)
Batting: RHB Rupert Bethune 0-0: Called Strike
0-1: Ball
1-1: SINGLE (Groundball, 6, EV 102.5 MPH) (infield hit)
António Cruz scores
Mannus Coppens to second
Batting: LHB Knud van den Bosch 0-0: Foul Ball, location: 2F
0-1: Hit by Pitch
Mannus Coppens to third
Rupert Bethune to second
Batting: RHB Anthony Mitchell 0-0: Foul Ball, location: 2F
0-1: Swinging Strike
0-2: Ball
1-2: SINGLE (Groundball, 6MS, EV 79.4 MPH) (infield hit)
Mannus Coppens scores
Rupert Bethune to third
Knud van den Bosch to second
Batting: LHB Don Hartman 0-0: Fielders Choice at 2nd, 4-6 (Groundball, 4, EV 103.8 MPH)
Rupert Bethune scores
Knud van den Bosch to third
Batting: LHB Ambrose Norris 0-0: Ball
1-0: Ball
2-0: SINGLE (Groundball, 4D, EV 107.5 MPH)
Knud van den Bosch scores
Don Hartman to second
Runner from 2nd tries for 3rd, SAFE, no throw by CF
Batting: RHB Francis Hicken 0-0: Ball
1-0: Called Strike
1-1: Foul Ball, location: 2F
1-2: Ball
2-2: Foul Ball, location: 2F
2-2: Foul Ball, location: 2F
2-2: Ball
3-2: Foul Ball, location: 2F
3-2: Strikes out looking
Top of the 3rd over - 4 runs, 4 hits, 0 errors, 2 left on base; Watford City 4 - Shady Side 1
BOTTOM OF THE 3RD
Shady Side Zoomies batting - Pitching for Watford City Trash Pandas : RHP Iván Molina
Batting: RHB Jack Mayes 0-0: Ball
1-0: SINGLE (Groundball, 34D, EV 95.6 MPH)
Batting: RHB Ramón Gabriel 0-0: Called Strike
0-1: Ball
1-1: Grounds into double play, 6-4-3 (Groundball, 6, EV 92.5 MPH)
Batting: RHB Rubén Camacho 0-0: Ball
1-0: Foul Ball, location: 2F
1-1: Foul Ball, location: 2F
1-2: DOUBLE (Line Drive, 7LM, EV 109.4 MPH)
Batting: RHB José Calderón 0-0: Ball
1-0: Called Strike
1-1: Called Strike
1-2: Ball
2-2: Ball
3-2: Strikes out looking
Bottom of the 3rd over - 0 runs, 2 hits, 0 errors, 1 left on base; Watford City 4 - Shady Side 1
TOP OF THE 4TH
Watford City Trash Pandas batting - Pitching for Shady Side Zoomies : RHP Todd Hunter
Batting: LHB António Cruz 0-0: Ball
1-0: Called Strike
1-1: Swinging Strike
1-2: SINGLE (Groundball, 4D, EV 111.2 MPH)
Batting: LHB Ken Jackson 0-0: Ball
1-0: Called Strike
1-1: Ball
2-1: Foul Ball, location: 2F
2-2: Strikes out swinging
Batting: SHB Mannus Coppens 0-0: Ball
1-0: Ball
2-0: Called Strike
2-1: Foul Ball, location: 2F
2-2: Fly out, F2 (Popup, 15S, EV 90.0 MPH)
Batting: RHB Rupert Bethune 0-0: Ball
1-0: SINGLE (Line Drive, 9LS, EV 95.6 MPH)
António Cruz to second
Runner from 2nd tries for 3rd, SAFE, throw by RF made to third
Batting: LHB Knud van den Bosch 0-0: Called Strike
Pickoff Throw to First - Out! 1-3
Top of the 4th over - 0 runs, 2 hits, 0 errors, 1 left on base; Watford City 4 - Shady Side 1
BOTTOM OF THE 4TH
Shady Side Zoomies batting - Pitching for Watford City Trash Pandas : RHP Iván Molina
Batting: SHB Kazuyuki Yagi 0-0: Ball
1-0: Swinging Strike
1-1: Swinging Strike
1-2: SINGLE (Line Drive, 78M, EV 104.4 MPH)
Batting: LHB Jeremy Payne 0-0: Fielders Choice at 2nd, 5-4 (Groundball, 56, EV 86.9 MPH)
Batting: RHB Christian Bray 0-0: Ball
1-0: Ball
2-0: Ball
3-0: Called Strike
3-1: Swinging Strike
3-2: Grounds into double play, 6-4-3 (Groundball, 6, EV 101.9 MPH)
Bottom of the 4th over - 0 runs, 1 hit, 0 errors, 0 left on base; Watford City 4 - Shady Side 1
TOP OF THE 5TH
Watford City Trash Pandas batting - Pitching for Shady Side Zoomies : RHP Todd Hunter
Batting: LHB Knud van den Bosch 0-0: Fly out, F8 (Flyball, 78D, EV 100.6 MPH)
Pitching: LHP Jeff Daniel
Batting: RHB Anthony Mitchell 0-0: Ball
1-0: Called Strike
1-1: Ball
2-1: Foul Ball, location: 2F
2-2: Ball
3-2: Strikes out swinging
Batting: LHB Don Hartman 0-0: Foul Ball, location: 2F
0-1: Called Strike
0-2: Ball
1-2: Foul Ball, location: 2F
1-2: Foul Ball, location: 2F
1-2: Ground out 5-3 (Groundball, 56, EV 79.4 MPH)
Top of the 5th over - 0 runs, 0 hits, 0 errors, 0 left on base; Watford City 4 - Shady Side 1
BOTTOM OF THE 5TH
Shady Side Zoomies batting - Pitching for Watford City Trash Pandas : RHP Iván Molina
Batting: RHB Mike Sackett 0-0: Called Strike
0-1: SINGLE (Line Drive, 4D, EV 105.0 MPH)
Batting: LHB Steef Janse 0-0: Called Strike
0-1: Ball
1-1: Hit by Pitch
Mike Sackett to second
Batting: RHB Jack Mayes 0-0: Swinging Strike
0-1: Ball
1-1: Foul Ball, location: 2F
1-2: Strikes out looking
Batting: RHB Ramón Gabriel 0-0: Called Strike
0-1: Ball
1-1: Called Strike
1-2: Fly out, F9 (Flyball, 9, EV 79.4 MPH)
Batting: RHB Rubén Camacho 0-0: DOUBLE (Line Drive, 78XD, EV 98.8 MPH)
Mike Sackett scores
Steef Janse to third
Batting: RHB José Calderón 0-0: Foul Ball, location: 2F
0-1: Ball
1-1: Called Strike
1-2: Ball
2-2: Ball
3-2: Base on Balls
Batting: SHB Kazuyuki Yagi 0-0: Ball
1-0: SINGLE (Groundball, 34D, EV 101.9 MPH)
Steef Janse scores
Rubén Camacho to third
José Calderón to second
Batting: LHB Jeremy Payne 0-0: Called Strike
0-1: Ball
1-1: Called Strike
1-2: Ball
2-2: SINGLE (Groundball, 34, EV 85.0 MPH) (infield hit)
Rubén Camacho scores
José Calderón to third
Kazuyuki Yagi to second
Batting: RHB Christian Bray 0-0: Called Strike
0-1: Ball
1-1: Swinging Strike
1-2: Ball
2-2: Fielders Choice at 2nd, 6-4 (Groundball, 6, EV 88.8 MPH)
Bottom of the 5th over - 3 runs, 4 hits, 0 errors, 3 left on base; Watford City 4 - Shady Side 4
TOP OF THE 6TH
Watford City Trash Pandas batting - Pitching for Shady Side Zoomies : LHP Jeff Daniel
Pitching: RHP Yong-jun Pak
Batting: LHB Ambrose Norris 0-0: Ball
1-0: Called Strike
1-1: Ball
2-1: Called Strike
2-2: Ball
3-2: Strikes out swinging
Batting: RHB Francis Hicken 0-0: Ball
1-0: Called Strike
1-1: Foul Ball, location: 2F
1-2: Foul Ball, location: 2F
1-2: Foul Ball, location: 2F
1-2: Ground out 5-3 (Groundball, 56S, EV 86.9 MPH)
Batting: LHB António Cruz 0-0: Ball
1-0: Called Strike
1-1: Ball
2-1: Swinging Strike
2-2: Ball
3-2: Strikes out swinging
Top of the 6th over - 0 runs, 0 hits, 0 errors, 0 left on base; Watford City 4 - Shady Side 4
BOTTOM OF THE 6TH
Shady Side Zoomies batting - Pitching for Watford City Trash Pandas : RHP Iván Molina
Pitching: RHP Edgardo López
Batting: RHB Mike Sackett 0-0: Called Strike
0-1: Bunt for hit to 3S - play at first, batter OUT! 3-4
Batting: LHB Steef Janse 0-0: Ball
1-0: Ball
2-0: SINGLE (Groundball, 4S, EV 70.0 MPH) (infield hit)
Batting: RHB Jack Mayes 0-0: Called Strike
0-1: Ball
1-1: Called Strike
1-2: Fielders Choice at 2nd, 4-6 (Groundball, 4, EV 109.4 MPH)
Batting: RHB Ramón Gabriel 0-0: Foul Ball, location: 2F
0-1: Foul Ball, location: 2F
0-2: Ground out 1-3 (Groundball, 34S, EV 88.8 MPH)
Bottom of the 6th over - 0 runs, 1 hit, 0 errors, 1 left on base; Watford City 4 - Shady Side 4
TOP OF THE 7TH
Watford City Trash Pandas batting - Pitching for Shady Side Zoomies : RHP Yong-jun Pak
Batting: LHB Ken Jackson 0-0: Called Strike
0-1: Swinging Strike
0-2: Strikes out swinging
Batting: SHB Mannus Coppens 0-0: Called Strike
0-1: Ball
1-1: Swinging Strike
1-2: Ball
2-2: Strikes out swinging
Batting: RHB Rupert Bethune 0-0: Ball
1-0: Called Strike
1-1: SINGLE (Line Drive, 8RS, EV 106.2 MPH)
Batting: LHB Knud van den Bosch 0-0: Ball
Rupert Bethune is caught stealing 2nd base 2-6
Top of the 7th over - 0 runs, 1 hit, 0 errors, 0 left on base; Watford City 4 - Shady Side 4
BOTTOM OF THE 7TH
Shady Side Zoomies batting - Pitching for Watford City Trash Pandas : RHP Edgardo López
Batting: RHB Rubén Camacho 0-0: Ball
1-0: Foul Ball, location: 2F
1-1: Swinging Strike
1-2: Strikes out swinging
Batting: RHB José Calderón 0-0: Ball
1-0: Called Strike
1-1: Swinging Strike
1-2: Ball
2-2: Ball
3-2: Foul Ball, location: 2F
3-2: Base on Balls
Batting: SHB Kazuyuki Yagi 0-0: Called Strike
0-1: Ground out 6-3 (Groundball, 56D, EV 82.5 MPH)
José Calderón to second
Batting: LHB Jeremy Payne 0-0: Ball
1-0: Called Strike
1-1: Foul Ball, location: 2F
1-2: Strikes out swinging
Bottom of the 7th over - 0 runs, 0 hits, 0 errors, 1 left on base; Watford City 4 - Shady Side 4
TOP OF THE 8TH
Watford City Trash Pandas batting - Pitching for Shady Side Zoomies : RHP Yong-jun Pak
Batting: LHB Knud van den Bosch 0-0: Called Strike
0-1: Foul Ball, location: 2F
0-2: Ball
1-2: Strikes out swinging, 2-3 out at first.
Batting: RHB Anthony Mitchell 0-0: Called Strike
0-1: Ball
1-1: Ground out 4-3 (Groundball, 4M, EV 82.5 MPH)
Batting: LHB Don Hartman 0-0: SINGLE (Line Drive, 8LM, EV 94.4 MPH)
Batting: LHB Ambrose Norris 0-0: Called Strike
0-1: Ball
1-1: Ball
2-1: Ball
3-1: Called Strike
3-2: Foul Ball, location: 2F
3-2: SINGLE (Flyball, 9LS, EV 88.8 MPH)
Don Hartman to second
Don Hartman to third
Batting: RHB Francis Hicken 0-0: Called Strike
0-1: Foul Ball, location: 2F
0-2: Ball
1-2: SINGLE (Groundball, 3D, EV 111.2 MPH)
Don Hartman scores
Ambrose Norris to second
Runner from 2nd tries for 3rd, SAFE, no throw by RF
Pitching: RHP Rob Lee
Batting: LHB António Cruz 0-0: Foul Ball, location: 2F
0-1: Called Strike
0-2: Ground out 1-3 (Groundball, 23, EV 81.2 MPH)
Top of the 8th over - 1 run, 3 hits, 0 errors, 2 left on base; Watford City 5 - Shady Side 4
BOTTOM OF THE 8TH
Shady Side Zoomies batting - Pitching for Watford City Trash Pandas : RHP Edgardo López
Now at SS: Jimmy McComb
Batting: RHB Christian Bray 0-0: Ball
1-0: Foul Ball, location: 2F
1-1: Called Strike
1-2: Ball
2-2: Strikes out swinging
Batting: RHB Mike Sackett 0-0: Ball
1-0: Ball
2-0: Ground out 1-3 (Groundball, 15S, EV 71.9 MPH)
Batting: LHB Steef Janse 0-0: Ball
1-0: Ball
2-0: Called Strike
2-1: Swinging Strike
2-2: Ball
3-2: Foul Ball, location: 2F
3-2: Strikes out looking
Bottom of the 8th over - 0 runs, 0 hits, 0 errors, 0 left on base; Watford City 5 - Shady Side 4
TOP OF THE 9TH
Watford City Trash Pandas batting - Pitching for Shady Side Zoomies : RHP Rob Lee
Batting: LHB Ken Jackson 0-0: Ground out 6-3 (Groundball, 6, EV 87.5 MPH)
Batting: SHB Mannus Coppens 0-0: SINGLE (Line Drive, 8RS, EV 90.0 MPH)
Batting: LHB Jimmy McComb 0-0: Ball
1-0: Ball
Mannus Coppens is caught stealing 2nd base 2-6
2-0: Ball
3-0: Base on Balls
Batting: LHB Knud van den Bosch 0-0: Foul Ball, location: 2F
0-1: Ball
Jimmy McComb is caught stealing 2nd base 2-6
Top of the 9th over - 0 runs, 1 hit, 0 errors, 0 left on base; Watford City 5 - Shady Side 4
BOTTOM OF THE 9TH
Shady Side Zoomies batting - Pitching for Watford City Trash Pandas : RHP Edgardo López
Pitching: RHP Carlos Rosado
Batting: RHB Jack Mayes 0-0: Ground out 5-3 (Groundball, 5, EV 85.0 MPH)
Batting: RHB Ramón Gabriel 0-0: Ball
1-0: Called Strike
1-1: Foul Ball, location: 2F
1-2: Foul Ball, location: 2F
1-2: Strikes out looking
Batting: RHB Rubén Camacho 0-0: Foul Ball, location: 2F
0-1: Called Strike
0-2: Ball
1-2: Strikes out swinging
Bottom of the 9th over - 0 runs, 0 hits, 0 errors, 0 left on base; Watford City 5 - Shady Side 4
Tuesday, January 5th, 2021 - OOTP Baseball 20.8 Build 74